 Dungeon Crawl Stone Soup version 0.27-a0-242-ge0fc76b88b (webtiles) character file.

Game seed: 11136534778036343415

1072 Borgoz the Skirmisher (level 8, -6/69 HPs)
             Began as a Ghoul Gladiator on Feb 2, 2021.
             Mangled by an orc warrior
             ... wielding a +0 short sword
              (14 damage)
             ... on level 6 of the Dungeon.
             The game lasted 00:05:30 (4749 turns).

Borgoz the Skirmisher (Ghoul Gladiator)             Turns: 4749, Time: 00:05:31

Health: -6/69      AC:  8    Str: 24    XL:     8   Next: 28%
Magic:  7/7        EV: 13    Int:  3    God:
Gold:   257        SH:  0    Dex: 12    Spells: 7/7 levels left

rFire    . . .     SeeInvis .   a - +0 long sword
rCold    + . .     Faith    .   (no shield)
rNeg     + + +     Spirit   .   e - +0 ring mail
rPois    ∞         Reflect  .   g - +1 helmet
rElec    .         Harm     .   (no cloak)
rCorr    .         Rampage  .   (no gloves)
Will     .....                  (no boots)
Stlth    +.........             (no amulet)
HPRegen  0.00/turn              l - +6 ring of strength
MPRegen  0.10/turn              (no ring)

@: no status effects
A: claws 1, cold resistance 1, negative energy resistance 3, inhibited
regeneration, torment resistance, unbreathing
a: no special abilities


You were on level 6 of the Dungeon.
You visited 1 branch of the dungeon, and saw 6 of its levels.

You collected 257 gold pieces.

Inventory:

Hand Weapons
 a - a +0 long sword (weapon)
Armour
 e - a +0 ring mail (worn)
 g - a +1 helmet (worn)
Jewellery
 l - a +6 ring of strength (left claw)
Scrolls
 b - a scroll of remove curse
 i - a scroll of enchant armour
 k - 2 scrolls of teleportation
Potions
 m - 2 potions of magic


   Skills:
 + Level 5.5 Fighting
 + Level 5.0 Long Blades
 - Level 1.7 Throwing
 + Level 4.0 Armour
 + Level 5.1 Dodging


You had 7 spell levels left.
You didn't know any spells.
Your spell library was empty.

Dungeon Overview and Level Annotations

Branches:
Dungeon (5/15)
 Temple: D:4-7

Altars:
Fedhas
Okawaru
Trog
Vehumet
Zin

Annotations:
D:4 exclusion: statue


Innate Abilities, Weirdness & Mutations

You thrive by killing the living.
You are immune to poison.
You have sharp fingernails.
Your flesh is cold resistant. (rC+)
You are immune to negative energy. (rN+++)
You do not regenerate when monsters are visible.
You are immune to unholy pain and torment.
You can survive without breathing.


Message History

You closely miss the orc warrior.
The orc warrior is moderately wounded.
The orc warrior hits you with a +0 short sword.
* * * LOW HITPOINT WARNING * * *
You closely miss the orc warrior.
The orc warrior is moderately wounded.
The orc warrior closely misses you.
The orc warrior hits you but does no damage.
You hit the orc warrior.
The orc warrior is heavily wounded.
The orc warrior hits you with a +0 short sword.
* * * LOW HITPOINT WARNING * * *
You barely miss the orc warrior.
The orc warrior is heavily wounded.
The orc warrior hits you with a +0 short sword.
* * * LOW HITPOINT WARNING * * *
You hit the orc warrior.
The orc warrior is heavily wounded.
The orc warrior hits you with a +0 short sword!
You die...

#####
########...#########...
...........@ooo...(....
########...##o.).......
########...##.#####....
........#####.. ...
#####.....# #... .
#.....####.#.
#..........#.#
#...##.##..# # #...##.#


You could see 2 orc warriors and 2 orcs.

Vanquished Creatures
  Pikel (D:4)
  Sigmund (D:4)
  An ogre (D:4)
  A hound (D:5)
  An orc priest (D:3)
  A bullfrog skeleton (D:5)
  A worker ant (D:4)
  2 orc wizards
  A hound skeleton (D:4)
  12 adders
  A white imp (D:5)
  An ufetubus (D:5)
  4 worms
  2 dart slugs
  A leopard gecko (D:2)
  17 orcs
  10 bats
  4 giant cockroaches
  9 goblins
  11 hobgoblins
  3 jackals (D:4)
  5 kobolds
  3 quokkas
  7 frilled lizards
  A leopard gecko zombie (D:5)
  A quokka skeleton (D:4)
  7 rats
109 creatures vanquished.

Vanquished Creatures (others)
  5 plants (D:1)
5 creatures vanquished.

Grand Total: 114 creatures vanquished

Notes
Turn   | Place    | Note
-------+----------+-------------------------------------------
     0 | D:1      | Borgoz the Ghoul Gladiator began the quest for the Orb.
     0 | D:1      | Reached XP level 1. HP: 17/17 MP: 0/0
   129 | D:1      | Reached XP level 2. HP: 18/24 MP: 1/1
   771 | D:1      | Reached XP level 3. HP: 28/30 MP: 2/2
   937 | D:2      | Reached skill level 1 in Armour
  1172 | D:2      | Reached XP level 4. HP: 37/37 MP: 3/3
  1448 | D:2      | Found an iron altar of Okawaru.
  1913 | D:2      | Reached XP level 5. HP: 40/45 MP: 4/4
  2439 | D:3      | Noticed an angel
  2440 | D:3      | Found a glowing silver altar of Zin.
  2880 | D:3      | Reached XP level 6. HP: 41/52 MP: 5/5
  3200 | D:4      | Found a blossoming altar of Fedhas.
  3548 | D:4      | Found a radiant altar of Vehumet.
  3841 | D:4      | Noticed Sigmund
  3874 | D:4      | Killed Sigmund
  3875 | D:4      | Reached XP level 7. HP: 60/60 MP: 6/6
  4013 | D:4      | Noticed Pikel
  4041 | D:4      | Killed Pikel
  4042 | D:4      | Reached skill level 5 in Fighting
  4042 | D:4      | Reached skill level 5 in Long Blades
  4042 | D:4      | Reached skill level 5 in Dodging
  4042 | D:4      | Reached XP level 8. HP: 36/69 MP: 7/7
  4353 | D:5      | Entered Level 5 of the Dungeon
  4638 | D:5      | Found a bloodstained altar of Trog.
  4668 | D:5      | You fall into a shaft and drop 1 floor!
  4749 | D:6      | Mangled by an orc warrior

Illustrated notes

Levels and vault maps discovered:
D:1:      lemuel_arrival_funnel, layout_rooms, serial_bayou_lagoon_a,
          minmay_pentomino_q2
D:2:      layout_basic, okawaru_metal_pillars_1_2,
          amcnicky_mini_rare_corridor_liquid, minmay_circle_x
D:3:      layout_basic, zin_angel, hangedman_decor_riveting, grunt_decor_cap,
          minmay_misc_feat_nine_boxes
D:4:      layout_loops_ring, vehumet_statue, lemuel_doored_altar, uniq_pikel,
          uniq_sigmund
D:5:      layout_basic, lightli_temple_of_fire, minivault_27
D:6:      layout_basic

Skill      XL: |  1  2  3  4  5  6  7  8 |
---------------+-------------------------+-----
Dodging        | 3 4 5 |  5.1
Long Blades    | 3 4 5 |  5.0
Armour         | 1 2 3 4 |  4.0
Fighting       | 3 4 5 |  5.5
Throwing       | |  1.7

Action                   |  1- 3 |  4- 6 |  7- 9 || total
-------------------------+-------+-------+-------++-------
Melee: Long sword        |    99 |   256 |    84 ||   439
Throw: Throwing net      |     1 |     2 |     1 ||     4
  Use: Scroll            |       |    10 |     1 ||    11
       Potion            |       |     7 |     1 ||     8
 Stab: Invisible         |       |     1 |       ||     1
       Held in net/web   |       |     1 |       ||     1
Armor: Leather armour    |    43 |    27 |       ||    70
       Ring mail         |       |    93 |    34 ||   127
Dodge: Dodged            |    85 |   209 |    84 ||   378
       Rpst.: Long sword |    29 |    72 |    21 ||   122

Table legend: (Time is in decaauts)
 A = Elapsed time spent in this place.
 B = Non-inter-level travel time spent in this place.
 C = Inter-level travel time spent in this place.
 D = Time resting spent in this place.
 E = Time spent auto-exploring this place.
 F = Levels seen in this place.
 G = Mean time per level.
                   A        B        C        D        E       F      G
               +--------+--------+--------+--------+--------+-----+--------+
         Total |   4836 |   4733 |    103 |   1180 |   2664 |   6 |  806.0 |
       Dungeon |   4836 |   4733 |    103 |   1180 |   2664 |   6 |  806.0 |
               +--------+--------+--------+--------+--------+-----+--------+

Top non-repeatable levels by time:
     D:2: 1379 daAuts
     D:4: 1158 daAuts
     D:3: 955 daAuts
     D:1: 939 daAuts
     D:5: 320 daAuts
     D:6: 82 daAuts
